 Dungeon Crawl Stone Soup version 0.26.0-16-gc1dbca0489 (webtiles) character file.

Game seed: 16510637515916593930

7546 Gauvater the Cleaver (level 11, -6/84 HPs)
             Began as a Formicid Fighter on Jan 18, 2021.
             Was a Priest of Zin.
             Mangled by a fire giant
             ... wielding a +0 great sword of flaming
              (30 damage)
             ... on level 10 of the Dungeon on Jan 19, 2021.
             The game lasted 00:43:46 (12106 turns).

Gauvater the Cleaver (Formicid Fighter)            Turns: 12106, Time: 00:43:47

Health: -6/84      AC: 13    Str: 33    XL:     11   Next: 39%
Magic:  13/14      EV: 10    Int:  9    God:    Zin [***...]
Gold:   499        SH: 18    Dex: 12    Spells: 10/10 levels left

rFire    + . .     SeeInvis +   S - +0 war axe (flame)
rCold    x . .     Faith    .   c - +0 kite shield
rNeg     . . .     Spirit   .   P - +0 plate armour
rPois    ∞         Reflect  +   (helmet unavailable)
rElec    .         Harm     .   (no cloak)
rCorr    .         Rampage  .   (no gloves)
Will     +....                  (no boots)
Stlth    ..........             A - amulet of reflection
HPRegen  0.24/turn              h - +6 ring of strength
MPRegen  0.14/turn              B - ring of fire

@: mighty, vitalised
A: permanent stasis, dig shafts and tunnels, four strong arms, antennae 3
a: Dig, Shaft Self, Renounce Religion, Recite, Vitalisation, Imprison, Donate
Gold


You were on level 10 of the Dungeon.
You worshipped Zin.
Zin was most pleased with you.
You visited 2 branches of the dungeon, and saw 11 of its levels.
You also visited: Sewer and Ossuary.

You collected 554 gold pieces.
You donated 55 gold pieces to Zin.

Inventory:

Hand Weapons
 a - a +3 war axe
 n - a +3 short sword of freezing
 H - a +5 spear
 L - the +5 flail of the Original Sin {vorpal, rPois Str+2}
   (You found it on level 8 of the Dungeon)

   It inflicts extra damage upon your enemies.
   It affects your strength (+2).
   It protects you from poison.
 N - a +2 flail of holy wrath
 S - a +0 war axe of flaming (weapon)
Missiles
 e - 12 boomerangs
 j - 194 stones
 u - 26 poisoned darts
 z - 69 bolts
 K - 90 arrows
Armour
 b - a +0 scale mail
 c - a +0 kite shield (worn)
 P - a +0 plate armour (worn)
Jewellery
 f - a +6 ring of dexterity
 h - a +6 ring of strength (left hand)
 r - a +6 ring of dexterity
 s - an uncursed ring of willpower
 v - an uncursed ring of ice
 A - an amulet of reflection (around neck)
 B - a ring of fire (right hand)
 D - a +6 ring of intelligence
 E - an uncursed ring of ice
 J - a +4 ring of evasion
 M - an uncursed ring of magical power
 Q - an uncursed ring of ice
Wands
 y - a wand of iceblast (12)
 C - a wand of paralysis (5)
 O - a wand of flame (45)
Scrolls
 d - 4 scrolls of holy word
 i - 2 scrolls of fear
 k - 11 scrolls of remove curse
 m - 2 scrolls of immolation
 t - 2 scrolls of amnesia
 I - a scroll of magic mapping
Potions
 g - 4 potions of curing
 l - 2 potions of attraction {unknown}
 o - 2 potions of brilliance {unknown}
 p - 4 potions of mutation
 q - 2 potions of heal wounds {unknown}
 w - 3 potions of flight {unknown}
 x - 2 potions of lignification {unknown}
 F - a potion of ambrosia {unknown}
 G - a potion of might
 R - 2 potions of cancellation {unknown}
 T - a potion of magic {unknown}


   Skills:
 * Level 7.1 Fighting
 + Level 10.2(10.4) Axes
 + Level 3.3(7.4) Maces & Flails
 + Level 8.0 Armour
 + Level 3.7 Dodging
 - Level 0.6 Stealth
 + Level 9.6 Shields
 * Level 5.1 Invocations


You had 10 spell levels left.
You didn't know any spells.
Your spell library contained the following spells:

 Spells                   Type           Power        Failure   Level
 Magic Dart               Conj           0%           95%         1
 Sandblast                Erth           0%           95%         1
 Call Imp                 Summ           0%           99%         2
 Passwall                 Tmut/Erth      0%           99%         2
 Slow                     Hex            0%           99%         2
 Confusing Touch          Hex            0%           100%        3
 Conjure Flame            Conj/Fire      0%           100%        3
 Gell's Gravitas          Tloc           0%           100%        3
 Mephitic Cloud           Conj/Pois/Air  0%           100%        3
 Stone Arrow              Conj/Erth      0%           100%        3
 Petrify                  Tmut/Erth      0%           100%        4
 Lee's Rapid Deconstruct  Erth           0%           100%        5
 Metabolic Englaciation   Hex/Ice        0%           100%        5
 Yara's Violent Unravell  Hex/Tmut       0%           100%        5
 Blink                    Tloc           Unusable     N/A         2

Dungeon Overview and Level Annotations

Branches:
Dungeon (10/15)            Temple (1/1) D:7           Sewer (visited)
Ossuary (visited)
   Lair: D:8-11         Orc: D:9-12

Altars:
Ashenzari
Gozag
Makhleb
Nemelex Xobeh
Trog
Uskayaw
Vehumet
Xom
Yredelemnul
Zin
The Shining One


Innate Abilities, Weirdness & Mutations

You cannot be hasted, slowed, berserked, paralysed or teleported.
You can dig through walls and to a lower floor.
Your four strong arms can wield two-handed weapons with a shield.
You have a pair of large antennae on your head. (SInv)


Message History

You slash the fire giant!
The fire giant is lightly wounded.
The fire giant hits you with a +0 great sword of flaming!
You hit the fire giant but do no damage.
The fire giant is lightly wounded.
The forest fire spreads!
You slash the fire giant!
The fire giant is moderately wounded.
You block the fire giant's attack.
You hit the fire giant but do no damage.
The fire giant is moderately wounded.
The fire giant completely misses you.
You barely miss the fire giant.
The fire giant is moderately wounded.
The fire giant gestures at you while chanting.
The bolt of fire hits you! You resist.
* * * LOW HITPOINT WARNING * * *
You feel very mighty all of a sudden.
The fire giant hits you with a +0 great sword of flaming!!
You die...

. ♣.............♣ {
.♣#♣.♣♣♣♣♣♣♣♣♣♣♣.♣ {
♣♣♣.#♣.♣?........♣.♣ {{
♣.♣.#♣.♣.♣♣♣♣♣♣♣.♣.♣
♣.♣.#♣.♣.######♣.♣.♣
#.#.♣)♣.#♣.♣.#=.'.#♣.♣.♣
#....≈.)...♣†#}.'.#♣.♣...♣
#.#.♣)♣.#♣§♣§####.#♣.♣.♣#..B
#.♣.♣.#♣§§§..@Cc#♣.♣.♣ ♣♣♣ #
♣.♣.#♣§§♣♣♣♣♣♣♣♣.♣.♣
♣♣♣.#♣...........♣.♣
.♣#♣♣♣♣♣♣♣♣♣♣♣♣♣.♣ . ..♣ ♣ {
{


You could see a fire giant and a yaktaur captain.

Vanquished Creatures
  Harold (D:7)
  Joseph (D:7)
  Maggie (D:7)
  A troll (D:10)
  Sigmund (D:2)
  4 fire bats (D:8)
  A water moccasin (D:5)
  A hell hound (D:8)
  3 ice beasts
  3 orc warriors
  2 sky beasts (D:8)
  5 ogres
  5 centaurs
  A big kobold (Sewer)
  4 bullfrogs
  A wyvern zombie (D:6)
  2 gnoll sergeants
  5 wights (D:7)
  8 howler monkeys
  6 centaur zombies
  2 lava snakes (D:8)
  2 quasits
  6 bullfrog zombies
  7 orc priests
  3 jellies
  3 bullfrog skeletons
  6 hounds
  4 iguanas
  8 orc wizards
  5 worker ants
  A killer bee zombie (D:6)
  3 big kobold zombies (Ossuary)
  6 mummies (Ossuary)
  3 worker ant zombies
  17 gnolls
  A river rat (D:4)
  14 adders
  6 white imps
  2 ufetubi
  An adder zombie (D:7)
  3 worms
  A dart slug (D:3)
  8 leopard geckos
  25 orcs
  A ball python (D:4)
  10 giant cockroaches
  9 goblins
  6 hobgoblins
  10 jackals
  3 quokkas
  6 bats
  5 frilled lizards
  A giant cockroach zombie (D:5)
  A hobgoblin zombie (Ossuary)
  3 jackal skeletons
  7 kobolds
  A leopard gecko skeleton (D:6)
  A leopard gecko zombie (D:7)
  A quokka skeleton (D:4)
  8 rats
  2 fire vortices (D:8)
268 creatures vanquished.

Vanquished Creatures (others)
  A hound (D:9)
  3 gnolls (D:9)
  9 plants (D:2)
  5 withered plants (D:6)
18 creatures vanquished.

Grand Total: 286 creatures vanquished

Notes
Turn   | Place    | Note
-------+----------+-------------------------------------------
     0 | D:1      | Gauvater the Formicid Fighter began the quest for the Orb.
     0 | D:1      | Reached XP level 1. HP: 18/18 MP: 1/1
   402 | D:1      | Reached XP level 2. HP: 22/24 MP: 2/2
  1174 | D:2      | Reached XP level 3. HP: 30/30 MP: 3/3
  1396 | D:2      | Reached XP level 4. HP: 36/37 MP: 4/4
  1436 | D:2      | Noticed Sigmund
  2241 | D:2      | Killed Sigmund
  2242 | D:2      | Reached skill level 3 in Axes
  2242 | D:2      | Reached skill level 1 in Dodging
  2242 | D:2      | Reached skill level 5 in Shields
  2242 | D:2      | Reached XP level 5. HP: 35/42 MP: 5/5
  2242 | D:2      | Reached XP level 6. HP: 40/48 MP: 6/6
  2910 | D:3      | Reached skill level 4 in Axes
  3949 | D:4      | Found a glowing drain.
  3953 | Sewer    | Entered a sewer
  4021 | Sewer    | Reached XP level 7. HP: 51/54 MP: 7/7
  4037 | Sewer    | Found a white marble altar of Elyvilon.
  4619 | D:4      | Found a sparkling altar of Nemelex Xobeh.
  4974 | D:4      | Found a shimmering altar of Xom.
  4979 | D:4      | Reached skill level 5 in Axes
  5146 | D:5      | Entered Level 5 of the Dungeon
  5736 | D:5      | Reached XP level 8. HP: 48/61 MP: 8/8
  5841 | D:5      | Reached skill level 5 in Armour
  5847 | D:5      | Reached skill level 6 in Axes
  6360 | D:6      | Reached skill level 5 in Fighting
  6604 | D:6      | Reached XP level 9. HP: 35/68 MP: 9/9
  6687 | D:6      | Found a sand-covered staircase.
  6701 | Ossuary  | Entered an ossuary
  6707 | Ossuary  | Reached skill level 7 in Axes
  7752 | D:7      | Noticed Harold
  7778 | D:7      | Reached skill level 8 in Axes
  7783 | D:7      | Noticed Maggie
  7786 | D:7      | Killed Harold
  7787 | D:7      | Reached XP level 10. HP: 5/76 MP: 10/10
  8150 | D:7      | Found a staircase to the Ecumenical Temple.
  8165 | Temple   | Entered the Ecumenical Temple
  8203 | Temple   | Became a worshipper of Zin the Law-Giver
  8203 | Temple   | Reached * piety under Zin
  8277 | D:7      | Got a bloodstained rapier
  8277 | D:7      | Identified the +1 rapier "Ogrebane" {drain, rPois Dex+2}
                  | (You found it on level 7 of the Dungeon)
  8471 | D:7      | Reached ** piety under Zin
  8472 | D:7      | Reached skill level 9 in Axes
  8472 | D:7      | Reached skill level 1 in Invocations
  8829 | D:7      | Noticed Joseph
  8846 | D:7      | Killed Joseph
  9010 | D:7      | Killed Maggie
  9908 | D:8      | Reached skill level 10 in Axes
  9978 | D:8      | Got a bone flail
  9978 | D:8      | Identified the +5 flail of the Original Sin {vorpal, rPois
                  | Str+2} (You found it on level 8 of the Dungeon)
 10126 | D:8      | Reached XP level 11. HP: 66/83 MP: 13/13
 10142 | D:8      | Reached skill level 1 in Maces & Flails
 10846 | D:9      | Reached *** piety under Zin
 11587 | D:10     | Entered Level 10 of the Dungeon
 11879 | D:10     | Reached skill level 5 in Invocations
 12091 | D:10     | Noticed a yaktaur captain
 12091 | D:10     | Noticed a fire giant
 12106 | D:10     | Mangled by a fire giant

Illustrated notes

Levels and vault maps discovered:
D:1:      psy_arrival_spokes, layout_loops_ring, minivault_19, hex_medium,
          nrook_mini_vaults, minmay_misc_feat_plants, minmay_pentomino_x2
D:2:      wad_lake_hut, layout_basic, uniq_sigmund
D:3:      layout_loops_ring, chequers_serial_rivers_room_b
D:4:      layout_loops_corners, marbit_many_paths, gup_sewer_entry_bowl,
          nemelex_spade_bored_becter
D:5:      layout_loops_ring, nicolae_sextant
D:6:      layout_rooms, serial_undead, serial_undead_e, serial_undead_c,
          serial_undead_c, serial_undead_c, serial_undead_a, serial_undead_f,
          serial_undead_c, nicolae_ossuary_entry_ruins
D:7:      layout_loops_corners, minmay_temple_entry_drinking_statues,
          uniq_harold, uniq_maggie, uniq_joseph
D:8:      layout_loops_ring, hangedman_incinerator
D:9:      layout_loops_ring, lemuel_flamethrower_2
D:10:     nzn_winding_woodlands_cross [nzn_winding_woodlands_5x15_split_checker,
          nzn_winding_woodlands_5x15_eye, nzn_winding_woodlands_5x15_jagged,
          nzn_winding_woodlands_5x15_twine,
          nzn_winding_woodlands_15x15_boxy_spiral], layout_stronghold, uniq_urug
Temple:   regret_index_temple_sigil_plot

Skill      XL: |  1  2  3  4  5  6  7  8  9 10 11 |
---------------+----------------------------------+-----
Shields        | 4 5 6 7 9 |  9.6
Fighting       | 4 5 6 7 |  7.1
Axes           | 3 4 5 6 8 10 | 10.2
Armour         | 4 5 7 8 |  8.0
Dodging        | 1 2 3 |  3.7
Invocations    | 3 5 |  5.1
Maces & Flails | 3 |  3.3
Stealth        | |  0.6

Action                   |  1- 3 |  4- 6 |  7- 9 | 10-12 || total
-------------------------+-------+-------+-------+-------++-------
Melee: War axe           |    88 |   133 |   293 |   247 ||   761
       Flail             |       |       |       |   104 ||   104
Invok: Vitalisation      |       |       |       |     2 ||     2
       Recite            |       |       |       |     1 ||     1
 Abil: Dig               |     1 |     6 |     5 |    12 ||    24
  Use: Scroll            |       |    10 |     7 |     2 ||    19
       Potion            |       |       |     5 |     1 ||     6
Armor: Scale mail        |    61 |    48 |    66 |    40 ||   215
       Plate armour      |       |       |       |    11 ||    11
Dodge: Dodged            |    42 |    44 |   116 |    93 ||   295
Block: Kite shield       |    75 |    71 |   190 |   269 ||   605
       Reflection        |       |       |     2 |    13 ||    15
